 Dungeon Crawl Stone Soup version 0.19-a0-1401-g902f63d (webtiles) character file.

74 mopl the Insei (level 4, 0/25 HPs)
             Began as a Kobold Transmuter on Sept 4, 2016.
             Slain by Purgy (9 damage)
             ... in a sewer.
             The game lasted 00:05:23 (2062 turns).

mopl the Insei (Kobold Transmuter)                  Turns: 2062, Time: 00:05:23

Health: 0/25       AC:  2    Str:  7    XL:     4   Next: 52%
Magic:  4/7        EV: 20    Int: 15    God:
Gold:   140        SH:  0    Dex: 20    Spells: 3 memorised, 1 level left

rFire  . . .     SeeInvis .       - Unarmed
rCold  . . .     Gourm    .     (armour currently unavailable)
rNeg   . . .     Faith    .     (shield currently unavailable)
rPois  x         Spirit   .     (helmet currently unavailable)
rElec  .         Dismiss  .     (cloak currently unavailable)
rCorr  .         Reflect  .     (gloves currently unavailable)
MR     .....     Harm     .     (boots currently unavailable)
Stlth  ++........               (no amulet)
                                (no ring)
                                (no ring)

@: spider-form
A: carnivore 3
a: End Transformation


You were in a sewer.
You were completely stuffed.
You were a venomous arachnid creature.
You visited 1 branch of the dungeon, and saw 3 of its levels.
You also visited: Sewer.

You collected 140 gold pieces.

Inventory:

Missiles
 a - 12 arrows
 p - 12 poisoned needles
Armour
 b - a +0 robe (melded)
 e - a +0 helmet (melded)
 g - a +0 pair of boots (melded)
 o - a +2 pair of gloves (melded)
 q - a cursed +0 leather armour
Wands
 n - a wand of iceblast (9/15)
 s - a wand of lightning (9/15)
Scrolls
 f - a scroll of fog {unknown}
 j - 3 scrolls of identify {unknown}
 k - 2 scrolls of remove curse {unknown}
 l - 3 scrolls of teleportation {unknown}
 t - a scroll of blinking {unknown}
Potions
 i - a potion of degeneration {unknown}
 m - a potion of haste {unknown}
 r - 2 potions of flight
 u - a potion of lignification {!q}
Books
 c - a book of Changes

   Spells                             Type                      Level
   a - Beastly Appendage              Transmutation                1
   b - Sticks to Snakes               Transmutation                2
   c - Spider Form                    Transmutation/Poison         3
   d - Ice Form                       Ice/Transmutation            4
   e - Blade Hands                    Transmutation                5
Comestibles
 d - 3 meat rations


   Skills:
 - Level 1.1 Fighting
 - Level 2.4 Dodging
 * Level 4.2 Unarmed Combat
 - Level 2.1 Spellcasting
 + Level 2.7 Transmutations
 + Level 1.2 Poison Magic


You had one spell level left.
You knew the following spells:

 Your Spells              Type           Power        Failure   Level  Hunger
a - Beastly Appendage     Tmut           #.....       24%         1    #......
b - Spider Form           Tmut/Pois      #.........   52%         3    ###....
w - Sticks to Snakes      Tmut           #.......     28%         2    ###....


Dungeon Overview and Level Annotations

Branches:
Dungeon (3/15)

Altars:

Annotations:
D:2 dig
D:3 Gruesome's ghost, amateur TrHu Sewer Purgy


Innate Abilities, Weirdness & Mutations

You are small and have problems with some larger weapons.
You are carnivorous and can eat meat at any time.


Message History

Purgy completely misses you. Purgy misses you.
Unknown command.
You hit Purgy but do no damage.
Purgy is poisoned.
Purgy closely misses you. Purgy barely misses you.
Purgy claws you but does no damage.
You hit Purgy but do no damage.
Purgy looks even sicker.
Purgy is lightly wounded.
Purgy completely misses you. Purgy claws you. Purgy closely misses you.
You hit Purgy.
Purgy is lightly wounded.
Purgy bites you. Purgy claws you. Purgy closely misses you.
You hit Purgy but do no damage.
Purgy looks as sick as possible!
Purgy is lightly wounded.
Purgy completely misses you. Purgy misses you. Purgy completely misses you.
You hit Purgy.
Purgy looks as sick as possible!
Purgy is lightly wounded.
Purgy bites you. Purgy closely misses you. x2
You hit Purgy.
Purgy looks as sick as possible!
Purgy is moderately wounded.
Purgy bites you!
You die...

≈≈≈≈≈≈≈≈≈≈≈####
≈≈≈≈≈≈≈≈≈≈≈≈≈≈##
≈≈≈≈≈≈≈≈≈≈≈≈≈≈≈#
..≈≈≈≈≈≈≈≈≈≈≈≈≈###
≈≈≈≈≈≈
#≈≈≈≈≈≈≈≈≈≈≈≈≈≈≈##
≈≈≈≈.#
#..≈≈≈≈≈≈≈≈≈≈≈≈≈≈≈
≈≈≈≈≈
#..≈≈≈≈≈≈≈≈≈≈≈≈≈≈
≈≈≈≈ #.≈T≈≈≈≈≈≈≈≈≈≈≈
..# ##.#s≈≈≈≈≈≈≈≈≈≈
..# ###.≈≈≈≈≈≈≈≈≈≈
.# ###.≈≈≈≈≈≈≈≈ #
##.≈≈≈≈≈≈# ##
#..≈≈≈≈≈≈≈ ∩## #####
#≈≈≈≈≈≈≈≈# ∩.#
#...#######.≈≈≈≈≈≈≈#
.##
#.∩≈.≈..≈.≈≈≈≈≈≈≈≈≈#
##
#...#######≈≈≈≈≈≈≈≈≈


You could see Purgy.

Vanquished Creatures
  3 adders
  A worm (D:2)
  2 dart slugs (D:1)
  A giant gecko (D:1)
  2 orcs (D:3)
  2 hobgoblins
  3 jackals (D:1)
  A quokka (D:2)
  3 ball pythons
  6 bats
  5 giant newts
  5 goblins
  4 kobolds (D:2)
  4 rats
42 creatures vanquished.

Notes
Turn   | Place    | Note
-------+----------+-------------------------------------------
     0 | D:1      | mopl the Kobold Transmuter began the quest for the Orb.
     0 | D:1      | Reached XP level 1. HP: 12/12 MP: 3/3
   105 | D:1      | Reached XP level 2. HP: 14/16 MP: 3/5
   126 | D:1      | Learned a level 2 spell: Sticks to Snakes
   563 | D:1      | Reached XP level 3. HP: 19/20 MP: 6/6
   571 | D:1      | Learned a level 3 spell: Spider Form
  1269 | D:2      | Reached skill level 4 in Unarmed Combat
  1269 | D:2      | Reached skill level 1 in Poison Magic
  1269 | D:2      | Reached XP level 4. HP: 23/25 MP: 3/7
  1595 | D:3      | Noticed Gruesome's ghost (amateur TrHu)
  1611 | D:3      | Found a glowing drain.
  1659 | Sewer    | Entered a sewer
  2051 | Sewer    | Noticed Purgy
  2062 | Sewer    | Slain by Purgy

Vault maps used:
D:1:      sevenhm_arrival_forest_fort_large_2, minmay_tromino_v4_c
D:2:      minmay_statues_item
D:3:      portal_sewer_entry_f, makhleb_altar_promises_db
Sewer:    sewer_co_purgy_island

Skill      XL: |  1  2  3 |
---------------+----------+-----
Unarmed Combat | 4 |  4.2
Poison Magic   | 1 |  1.2
Fighting       | |  1.1
Dodging        | |  2.4
Spellcasting   | |  2.1
Transmutations | |  2.7

Action                   |  1- 3 |  4- 6 || total
-------------------------+-------+-------++-------
Melee: Unarmed           |    87 |    73 ||   160
       Headbutt          |     7 |       ||     7
       Punch             |     1 |       ||     1
 Cast: Beastly Appendage |     5 |       ||     5
       Spider Form       |     2 |     5 ||     7
 Abil: End Transformatio |       |     1 ||     1
  Use: Potion            |     4 |     1 ||     5
 Stab: Sleeping          |       |     1 ||     1
  Eat: Chunk             |    10 |     3 ||    13
Armor: Robe              |    15 |    14 ||    29
       Skin              |     2 |     3 ||     5
Dodge: Dodged            |    69 |    90 ||   159
